 Dungeon Crawl Stone Soup version 0.28-a0-1235-g7c8fac35f0 (webtiles) character file.

Game seed: 6396870807857485563

50 Conn the Firebug (level 3, -2/21 HPs)
             Began as an Octopode Fire Elementalist on Dec 24, 2021.
             Slain by a gnoll (3 damage)
             ... on level 2 of the Dungeon.
             The game lasted 00:04:08 (1744 turns).

Conn the Firebug (Octopode Fire Elementalist)       Turns: 1744, Time: 00:04:10

Health: -2/21      AC:  1    Str:  7    XL:     3   Next: 79%
Magic:  6/6        EV: 13    Int: 19    God:
Gold:   47         SH:  0    Dex: 12    Spells: 5/6 levels left

rFire   . . .      SeeInvis .   a - +0 dagger (protect)
rCold   . . .      Faith    .   (no shield)
rNeg    . . .      Spirit   .   (helmet restricted)
rPois   +          Reflect  .   (no amulet)
rElec   .          Harm     .   c - ring of poison resistance
rCorr   .          Rampage  .   (no ring)
Will    .....                   (no ring)
Stlth   +++.......              (no ring)
HPRegen 0.07/turn               (no ring)
MPRegen 0.10/turn               (no ring)
                                (no ring)
                                (no ring)

@: no status effects
A: almost no armour, amphibious, 8 rings, camouflage 1, gelatinous body 1,
(nimble swimmer 1), tentacles
a: no special abilities


You were on level 2 of the Dungeon.
You visited 1 branch of the dungeon, and saw 2 of its levels.

You collected 47 gold pieces.

Inventory:

Hand Weapons
 a - a +0 dagger of protection (weapon)
Jewellery
 c - a ring of poison resistance (left tentacle)


   Skills:
 + Level 2.2 Dodging
 + Level 3.5 Stealth
 + Level 2.3 Spellcasting
 + Level 1.6 Conjurations
 + Level 3.6 Fire Magic


You had 5 spell levels left.
You knew the following spells:

 Your Spells              Type           Power      Damage    Failure   Level
a - Foxfire               Conj/Fire      48%        2x1d6     5%          1

Your spell library contained the following spells:

 Spells                   Type           Power      Damage    Failure   Level
 Scorch                   Fire           32%        2d7       5%          2
 Conjure Flame            Conj/Fire      12%        6-21      17%         3
 Inner Flame              Hex/Fire       9%         N/A       24%         3
 Flame Wave               Conj/Fire      12%        2d5       50%         4


Dungeon Overview and Level Annotations

Branches:
Dungeon (2/15)

Altars:

Shops:
D:1 *

Annotations:
D:2 Robin, Terence


Innate Abilities, Weirdness & Mutations

You cannot wear most types of armour.
You are amphibious.
You can wear up to eight rings at the same time.
Your skin changes colour to match your surroundings (Stealth+).
Your rubbery body absorbs attacks. (AC +1, EV +1)
((You are camouflaged when in or above water. (Stealth+)))
You have tentacles for arms and can constrict up to eight enemies at once.


Message History

Unknown command.
Your foxfire dissipates!
Things that are here:
a +0 club; a gnoll corpse You start resting.
Your magical contamination has completely faded away.
You start resting.
Magic restored.
You start resting.
HP restored.
Done exploring.
Done exploring.
(D) Dungeon
Where to? (Enter - D:2, ? - help)
There is a stone staircase leading down here.
You climb downwards.
Level annotation: Robin, Terence The goblin closely misses you.
Terence barely misses you. The goblin misses you.
The gnoll hits you from afar with a +0 spear!
Terence hits you with a +0 hand axe!
* * * LOW HITPOINT WARNING * * *
There is a stone staircase leading up, spattered with blood here.
You aren't carrying any potions.
Unknown command.
As you read the scroll labelled LUINA QYFIE, it crumbles to dust.
It is a scroll of brand weapon.
Your +0 dagger projects an invisible shield of force!
a - a +0 dagger of protection (weapon)
The ball python misses you. The ball python closely misses you.
The goblin hits you with a +0 dagger.
* * * LOW HITPOINT WARNING * * *
The gnoll misses you. Terence closely misses you.
Unknown command.
Unknown command.
You closely miss Terence. Your grab misses Terence. The ball python misses you.
The ball python barely misses you. The goblin barely misses you.
Terence barely misses you.
The gnoll hits you from afar with a +0 spear.
You die...

#####
#@..#
##♣$@.♣##
#..gS...#
+..|♣gg.#
#.......#
##♣.>.♣##
#...#
#####


You could see Terence, 2 gnolls, a goblin and a ball python.

Vanquished Creatures
  A gnoll (D:1)
  A dart slug (D:1)
  4 ball pythons (D:1)
  2 endoplasms
  5 giant cockroaches
  6 goblins
  4 hobgoblins
  3 jackals (D:1)
  2 bats (D:1)
  A frilled lizard (D:1)
  A kobold (D:2)
  3 rats (D:1)
33 creatures vanquished.

Vanquished Creatures (others)
  56 foxfires
56 creatures vanquished.

Grand Total: 89 creatures vanquished

Notes
Turn   | Place    | Note
-------+----------+-------------------------------------------
     0 | D:1      | Conn the Octopode Fire Elementalist began the quest for the
                  | Orb.
     0 | D:1      | Reached XP level 1. HP: 11/11 MP: 3/3
    37 | D:1      | Found Xurhy's General Store.
   103 | D:1      | Reached XP level 2. HP: 17/17 MP: 0/5
   514 | D:1      | You fall into a shaft and drop 1 floor!
   681 | D:2      | Identified the +0 helmet "Kamefulu" {Str+4 Dex-5}
   681 | D:2      | Noticed Robin
   798 | D:2      | Reached XP level 3. HP: 21/21 MP: 0/6
  1419 | D:2      | Noticed Terence
  1743 | D:2      | HP: 1/21 [goblin (3)]
  1744 | D:2      | Slain by a gnoll

Illustrated notes

Levels and vault maps discovered:
D:1:      matt_arrival_refuge, layout_basic, serial_shops,
          nicolae_shop_temple_entry_statues_fountains, columned_hall_lemuel,
          minmay_worlds_worst_comb
D:2:      layout_basic, serial_rivers, chequers_serial_rivers_small_a,
          chequers_serial_rivers_micro_e, chequers_serial_rivers_room_b,
          chequers_serial_rivers_micro_b, chequers_serial_rivers_micro_b,
          grunt_ministairs_7, uniq_robin, uniq_terence

Skill      XL: |  1  2 |
---------------+-------+-----
Stealth        | 3 |  3.5
Dodging        | |  2.2
Spellcasting   | |  2.3
Conjurations   | |  1.6
Fire Magic     | |  3.6

Action                   || total
-------------------------++-------
Melee: Unarmed           ||     3
       Constrict         ||     8
       Tentacles         ||     4
       Dagger            ||    35
 Cast: Foxfire           ||    35
  Use: Scroll            ||     4
 Stab: Sleeping          ||     9
Armor: Skin              ||     8
Dodge: Dodged            ||    43

Table legend: (Time is in decaauts)
 A = Elapsed time spent in this place.
 B = Non-inter-level travel time spent in this place.
 C = Inter-level travel time spent in this place.
 D = Time resting spent in this place.
 E = Time spent auto-exploring this place.
 F = Levels seen in this place.
 G = Mean time per level.
                   A        B        C        D        E       F      G
               +--------+--------+--------+--------+--------+-----+--------+
         Total |   1745 |   1699 |     46 |    208 |   1074 |   2 |  872.5 |
       Dungeon |   1745 |   1699 |     46 |    208 |   1074 |   2 |  872.5 |
               +--------+--------+--------+--------+--------+-----+--------+

Top non-repeatable levels by time:
     D:1: 1414 daAuts
     D:2: 331 daAuts
